 Dungeon Crawl Stone Soup version 0.31.0-32-g396128a36d (webtiles) character file.

Game seed: 10478672919930717631

26 PriceMaster the Firebug (level 3, 0/21 HPs)
             Began as an Octopode Fire Elementalist on Apr 25, 2024.
             Slain by an adder (4 damage)
             ... on level 2 of the Dungeon.
             The game lasted 00:00:45 (887 turns).

PriceMaster the Firebug (Octopode Fire Elementalist) Turns: 887, Time: 00:00:45

Health: 0/21       AC:  1    Str:  7    XL:     3   Next: 8%
Magic:  14/15      EV: 13    Int: 19    God:
Gold:   21         SH:  0    Dex: 12    Spells: 5/6 levels left

rFire   + . .        g - +3 mace (holy)
rCold   + . .        (no shield)
rNeg    . . .        (helmet restricted)
rPois   +            (no amulet)
rElec   +            i - ring of magical power
rCorr   +            (no ring)
SInv    .            (no ring)
Will    .....        (no ring)
Stlth   +++          (no ring)
HPRegen 0.23/turn    (no ring)
MPRegen 0.14/turn    (no ring)
                     (no ring)

%: no passive effects
@: lethally poisoned (0 -> -5), resistant
A: almost no armour, amphibious, 8 rings, camouflage 1, gelatinous body 1,
(nimble swimmer 1), tentacles
a: no special abilities


You were on level 2 of the Dungeon.
You visited 1 branch of the dungeon, and saw 2 of its levels.

You collected 21 gold pieces.

Inventory:

Hand Weapons
 g - a +3 mace of holy wrath (weapon)
Jewellery
 i - a ring of magical power (left tentacle)
Scrolls
 c - a scroll of silence {unknown}
 d - a scroll of revelation {unknown}
 e - a scroll of acquirement {unknown}
 f - a scroll of summoning {unknown}
 h - a scroll of blinking {unknown}
Potions
 a - a potion of magic


   Skills:
 + Level 2.2 Dodging
 + Level 2.8 Stealth
 + Level 2.2 Spellcasting
 + Level 1.3 Conjurations
 + Level 3.5 Fire Magic


You had 5 spell levels left.
You knew the following spells:

 Your Spells              Type           Power      Damage    Failure   Level
a - Foxfire               Conj/Fire      44%        2x1d6     6%          1

Your spell library contained the following spells:

 Spells                   Type           Power      Damage    Failure   Level
 Scorch                   Fire           30%        2d6       6%          2
 Inner Flame              Hex/Fire       8%         N/A       24%         3
 Volatile Blastmotes      Fire/Tloc      16%        2d11      24%         3
 Flame Wave               Conj/Fire      11%        2d6       52%         4


Dungeon Overview and Level Annotations

Branches:
Dungeon (2/15)

Altars:


Innate Abilities, Weirdness & Mutations

You cannot wear most types of armour.
You are amphibious.
You can wear up to eight rings at the same time.
Your skin changes colour to match your surroundings (Stealth+).
Your rubbery body absorbs attacks. (AC +1, EV +1)
((You are camouflaged when in or above water. (Stealth+)))
You have tentacles for arms and can constrict up to eight enemies at once.


Message History

You conjure some foxfire!
The kobold barely misses you.
You closely miss the kobold. Your grab misses the kobold.
The kobold is severely wounded.
The foxfire hits the kobold.
You kill the kobold!
Your foxfire dissipates!
HP restored.
Magic restored.
An adder comes into view.
The adder hisses angrily.
An adder is nearby!
An adder is nearby!
An adder is nearby!
You conjure some foxfire!
The adder barely misses you.
You miss the adder. Your grab misses the adder. You squeeze the adder!
The adder is severely wounded.
The foxfire hits the adder.
The adder is almost dead.
The adder barely misses you. The adder bites you.
You are poisoned.
The adder poisons you!
You closely miss the adder. Your grab misses the adder.
The adder is almost dead.
You feel very sick. The adder bites you.
You are more poisoned.
The adder poisons you! The adder closely misses you.
You closely miss the adder. You grab the adder. Your squeeze misses the adder.
The adder is almost dead.
You constrict the adder, but do no damage.
You feel very sick. The adder bites you.
* * * LOW HITPOINT WARNING * * *
The adder barely misses you.
It was a potion of resistance.
You feel protected.
You constrict the adder, but do no damage.
* * * LOW HITPOINT WARNING * * *
You feel sick. The adder bites you.
You die...

# .# .. ####.# ##
#.S..# .####.
#######@#
#.....##.......#
.............$##
...............#
.......).......#
$..............####
...................
...........)...###
........†.†<...#


You could see an adder.

Vanquished Creatures
  3 ball pythons (D:1)
  A bat (D:1)
  An endoplasm (D:1)
  A giant cockroach (D:1)
  3 goblins (D:1)
  4 hobgoblins
  2 kobolds (D:2)
  A quokka (D:2)
  3 frilled lizards
  5 rats
24 creatures vanquished.

Vanquished Creatures (others)
  67 foxfires
67 creatures vanquished.

Grand Total: 91 creatures vanquished

Notes
Turn   | Place    | Note
-------+----------+-------------------------------------------
     0 | D:1      | PriceMaster the Octopode Fire Elementalist began the quest
                  | for the Orb.
     0 | D:1      | Reached XP level 1. HP: 11/11 MP: 3/3
   287 | D:1      | Reached XP level 2. HP: 17/17 MP: 1/5
   828 | D:2      | Reached XP level 3. HP: 17/21 MP: 6/6
   887 | D:2      | Slain by an adder

Illustrated notes

Levels and vault maps discovered:
D:1:      minmay_arrival_four_circles, layout_basic
D:2:      layout_rooms, basic_altar

Action                     || total
---------------------------++-------
  Melee: Mace              ||    16
         Tentacles         ||     4
         Unarmed           ||     2
         Constrict         ||     7
   Cast: Foxfire           ||    36
    Use: Potion            ||     1
   Stab: Sleeping          ||     1
 Armour: Skin              ||     8
  Dodge: Dodged            ||    19
